AoeStats
← Hitokirivan

Arena

510313273Analyzed
4v4 RM · 3d ago on Sep 30, 2026· 51m 43s· 8 players
Game mode
Random Map
Map size
Large (8 player)
Population
200
Speed
Normal
Resources
Standard
Victory
Conquest
Starting age
Dark Age
Ending age
Imperial Age
RankedLock teamsTeams togetherTeam positionsShared explorationLock speedFull tech treeHidden civsTurbo modeCheats
Victory
Defeat
🇹🇼 Turks · Taiwan
1060
+15
🇹🇼 Britons · Taiwan
994
+18
🇹🇼 Teutons · Taiwan
982
+18
🇨🇳 Khmer · China
955
+19
🇵🇪 Huns · Peru
1064
-18
🇨🇳 Persians · China
1063
-19
🇵🇪 Bohemians · Peru
1018
-17
🇮🇳 Teutons · India
986
-16
crazyfork
3:25 Loom
11:31 Feudal Age
15:50 Castle Age
15:19 Wheelbarrow
14:27 Horse Collar
14:39 Double-Bit Axe
24:19 Fletching
24:45 Bow Saw
24:36 Heavy Plow
25:11 Gold Mining
29:41 Imperial Age
27:10 Bodkin Arrow
28:22 Hand Cart
27:52 Town Watch
29:08 Ballistics
30:04 Fortified Wall
30:09 Masonry
30:05 Padded Archer Armor
31:43 Conscription
31:45 Yeomen
33:04 Chemistry
32:21 Bracer
31:46 Elite Longbowman
33:26 Hoardings
39:27 Crossbowman
39:59 Treadmill Crane
40:19 Arbalester
43:25 Two-Man Saw
44:10 Leather Archer Armor
47:05 Architecture
49:57 Elite Skirmisher
CyanCheese20019
12:45 Feudal Age
16:17 Castle Age
14:45 Double-Bit Axe
16:18 Gold Mining
20:57 Imperial Age
23:49 Loom
24:39 Wheelbarrow
24:54 Padded Archer Armor
25:27 Bow Saw
28:23 Leather Archer Armor
38:16 Hand Cart
40:18 Horse Collar
43:53 Scale Barding Armor
45:45 Bombard Tower
46:38 Two-Man Saw
47:22 Ring Archer Armor
50:13 Fletching
51:10 Sanctity
52:14 Bodkin Arrow
曾小贤
0:31 Loom
11:57 Feudal Age
13:18 Double-Bit Axe
14:55 Stone Mining
19:15 Castle Age
20:57 Bow Saw
24:15 Horse Collar
24:28 Gold Mining
26:54 Heavy Plow
31:28 Imperial Age
29:34 Wheelbarrow
31:26 Ballistics
31:23 Bloodlines
30:34 Light Cavalry
31:14 Husbandry
32:52 Crop Rotation
33:01 Gold Shaft Mining
33:11 Stone Shaft Mining
34:07 Hand Cart
34:36 Padded Archer Armor
34:26 Fletching
34:47 Forging
34:37 Scale Mail Armor
34:43 Scale Barding Armor
35:42 Chemistry
34:38 Murder Holes
34:53 Masonry
35:16 Cavalier
35:56 Husbandry
35:19 Hussar
37:18 Elite Ballista Elephant
37:59 Tusk Swords
37:59 Double Crossbow
38:20 Conscription
39:31 Siege Engineers
39:38 Fortified Wall
39:58 Architecture
39:56 Leather Archer Armor
39:38 Bodkin Arrow
40:28 Iron Casting
39:24 Elite Skirmisher
45:45 Double Crossbow
48:59 Ring Archer Armor
48:30 Bracer
48:46 Chain Mail Armor
48:52 Chain Barding Armor
48:28 Guard Tower
50:33 Blast Furnace
50:18 Herbal Medicine
y852963741
0:30 Loom
10:48 Feudal Age
11:21 Horse Collar
11:27 Double-Bit Axe
18:06 Castle Age
19:26 Fervor
24:39 Bow Saw
25:08 Heavy Plow
26:39 Stone Mining
26:44 Gold Mining
28:53 Stone Shaft Mining
29:27 Wheelbarrow
28:38 Town Watch
28:58 Scale Mail Armor
29:09 Forging
32:32 Imperial Age
30:32 Chain Mail Armor
31:20 Iron Casting
31:33 Ironclad
33:02 Squires
32:48 Arson
33:43 Plate Mail Armor
34:15 Blast Furnace
32:46 Elite Teutonic Knight
34:03 Hoardings
33:50 Conscription
32:54 Capped Ram
34:15 Siege Engineers
36:49 Crop Rotation
37:53 Two-Man Saw
37:39 Caravan
38:09 Coinage
37:50 Guilds
49:35 Hand Cart
49:20 Town Patrol
marshall_o18
0:48 Loom
10:16 Feudal Age
16:44 Castle Age
15:46 Double-Bit Axe
16:14 Horse Collar
22:42 Pikeman
29:39 Imperial Age
29:50 Chemistry
31:46 Town Watch
40:58 Halberdier
41:39 Squires
41:24 Arson
41:44 Scale Mail Armor
41:55 Forging
46:19 Houfnice
48:05 Chain Mail Armor
pacoyyds
12:19 Feudal Age
13:15 Double-Bit Axe
13:12 Horse Collar
16:43 Castle Age
17:29 Bow Saw
17:20 Heavy Plow
21:48 Fervor
25:56 Gold Mining
27:00 Wheelbarrow
28:16 Hand Cart
27:48 Loom
27:48 Town Watch
31:46 Imperial Age
29:20 Stone Mining
30:07 Gold Shaft Mining
29:44 Fletching
29:55 Padded Archer Armor
30:20 Ballistics
30:13 Masonry
30:28 Bodkin Arrow
31:18 Kamandaran
31:10 Crossbowman
31:58 Thumb Ring
32:14 Leather Archer Armor
32:10 Forging
32:06 Scale Barding Armor
33:04 Chemistry
32:36 Architecture
31:47 Elite Skirmisher
33:44 Two-Man Saw
33:37 Crop Rotation
33:46 Elite War Elephant
34:49 Conscription
35:36 Iron Casting
35:33 Ring Archer Armor
35:25 Chain Barding Armor
35:53 Light Cavalry
36:43 Bloodlines
36:47 Hussar
38:00 Husbandry
38:42 Plate Barding Armor
38:42 Iron Casting
45:09 Murder Holes
46:18 Blast Furnace
madmonk08
0:30 Loom
2:11 Loom
13:23 Feudal Age
17:04 Wheelbarrow
16:18 Double-Bit Axe
16:16 Horse Collar
18:38 Stone Mining
18:39 Gold Mining
21:52 Castle Age
20:08 Forging
19:49 Fletching
20:05 Scale Barding Armor
20:47 Scale Mail Armor
20:50 Padded Archer Armor
23:15 Hand Cart
23:22 Bow Saw
23:14 Heavy Plow
23:45 Town Watch
24:37 Stone Shaft Mining
32:51 Imperial Age
31:35 Town Patrol
32:14 Iron Casting
32:02 Chain Barding Armor
32:03 Bloodlines
32:33 Ballistics
32:52 Bodkin Arrow
34:06 Conscription
34:09 Crenellations
33:56 Cavalier
35:53 Crop Rotation
36:26 Two-Man Saw
39:50 Plate Barding Armor
42:37 Crenellations
43:26 Blast Furnace
42:36 Paladin
44:07 Onager
45:43 Arrowslits
46:58 Chemistry
46:04 Siege Engineers
46:09 Masonry
Hitokirivan
9:58 Feudal Age
12:49 Loom
15:10 Castle Age
14:52 Bloodlines
15:55 Town Watch
15:59 Loom
18:59 Scale Barding Armor
19:31 Horse Collar
20:40 Forging
27:19 Town Patrol
31:41 Chain Barding Armor
Connection lost

Rejoining the realm…

Still unreachable

The connection could not be restored.

Session expired

The server has moved on; the page needs a fresh start.